Map: Orbital Shipyard

Players

Miszu - Winner!

  • Race: Terran Terran
  • League: Master

IIIIIIIIIIII

  • Race: Protoss Protoss
  • League: Master

VOD

Have the link to the VOD?

Description

Time

  • Played on: March 12, 2016, 5:12 p.m.
  • Length: 11:28
Show
View Real Time Build Order
Export as new Build Order

Miszu Terran - Winner!

Build Orders: Command Center First (CC), MMM Bio 

Get SALT Encoding   

  12  0:00  SCV  
  13  0:12  SCV  
  14  0:17  Supply Depot  
  14  0:25  SCV  
  15  0:39  SCV  
  16  0:51  SCV  
  17  0:58  Command Center  
  17  1:03  SCV  
  18  1:15  SCV  
  18  1:16  Barracks  
  19  1:27  SCV  
  19  1:29  Barracks  
  20  1:39  SCV  
  21  1:43  Barracks  
  21  1:51  SCV  
  22  2:04  Marine, Orbital Command  
  23  2:10  Orbital Command  
  23  2:17  Marine  
  23  2:22  Marine  
  25  2:30  SCV  
  25  2:33  Refinery  
  25  2:34  Refinery, Marine  
  25  2:35  Marine  
  25  2:37  SCV  
  29  2:42  SCV  
  30  2:46  Supply Depot  
  30  2:49  Marine, SCV  
  32  2:52  Marine  
  32  2:54  SCV  
  34  3:01  SCV  
  34  3:03  Marine  
  36  3:06  SCV  
  36  3:07  Marine  
  36  3:09  Supply Depot  
  38  3:22  Marine, Barracks Tech Lab  
  38  3:23  SCV  
  38  3:24  SCV  
  38  3:25  Marine  
  42  3:35  SCV  
  42  3:36  SCV  
  42  3:38  Supply Depot  
  42  3:40  Marine  
  45  3:41  Marine, Stimpack  
  45  3:42  Marine  
  45  3:47  Factory, SCV  
  48  3:48  SCV  
  48  3:50  Refinery  
  49  3:58  Marine  
  49  3:59  Marine, SCV  
  49  4:00  Marine, SCV  
  54  4:04  Engineering Bay  
  54  4:09  Supply Depot  
  54  4:11  SCV  
  54  4:13  SCV  
  57  4:19  Marauder  
  57  4:23  SCV  
  60  4:25  SCV  
  60  4:29  Barracks Reactor  
  60  4:30  Barracks Tech Lab  
  60  4:33  Starport, Terran Infantry Weapons Level 1  
  60  4:35  SCV  
  60  4:37  SCV  
  62  4:41  Factory Reactor  
  62  4:44  Missile Turret  
  62  4:45  Missile Turret  
  62  4:48  SCV  
  62  4:49  Marauder, SCV  
  62  4:50  Marauder  
  68  4:54  Supply Depot  
  68  4:57  Supply Depot  
  68  5:00  SCV  
  68  5:02  SCV  
  70  5:15  Marauder, Marine x2, Command Center, SCV  
  70  5:21  SCV  
  76  5:24  Refinery, Medivac  
  76  5:25  Medivac  
  76  5:27  Combat Shields  
  80  5:31  Marauder  
  80  5:32  SCV  
  80  5:34  SCV  
  83  5:44  SCV  
  83  5:47  SCV  
  77  5:56  Medivac x2, SCV  
  80  5:59  SCV  
  81  6:05  Barracks  
  81  6:06  Barracks  
  81  6:09  Supply Depot, SCV  
  81  6:10  Liberator x2  
  82  6:11  SCV  
  82  6:13  Supply Depot  
  82  6:17  Marauder  
  82  6:18  Marine  
  86  6:27  Marauder, SCV x2  
  86  6:32  Orbital Command  
  96  6:39  SCV x2  
  98  6:40  Supply Depot  
  98  6:41  Terran Infantry Armor Level 1  
  98  6:45  Concussive Shells  
  96  6:51  SCV x2  
  94  7:01  Orbital Command  
  94  7:04  SCV x2  
  97  7:12  Barracks Reactor, Barracks Tech Lab  
  97  7:13  Marine x2, Marauder  
  97  7:14  Marauder  
  102  7:16  SCV  
  102  7:17  SCV  
  102  7:18  Fusion Core  
  102  7:19  Starport  
  102  7:22  Supply Depot  
  104  7:23  Supply Depot  
  104  7:27  SCV  
  104  7:28  SCV  
  104  7:29  SCV  
  107  7:31  Marine, Liberator  
  107  7:32  Refinery  
  107  7:35  Marauder  
  107  7:36  Refinery  
  110  7:37  Marine  
  110  7:38  Marauder  
  110  7:39  SCV  
  110  7:40  SCV  
  110  7:41  SCV  
  110  7:42  Liberator  
  116  7:47  Marauder  
  116  7:49  Marine  
  122  8:00  Marine x4, Marauder  
  124  8:07  Marine  
  124  8:08  Marine  
  120  8:13  Liberator  
  120  8:15  Starport Tech Lab  
  120  8:18  Marine x4, SCV  
  127  8:21  Liberator  
  127  8:22  Supply Depot, Marauder  
  127  8:25  Liberator  
  127  8:26  Marine  
  127  8:27  Marauder  
  130  8:33  Supply Depot  
  133  8:35  Marine  
  133  8:36  Supply Depot  
  133  8:37  Advanced Ballistics  
  133  8:38  Supply Depot  
  137  8:47  Marine x2, Marauder  
  144  8:49  Supply Depot  
  144  8:56  Liberator  
  144  8:58  Command Center  
  144  8:59  Marine x2, Marauder  
  148  9:04  Engineering Bay, Liberator  
  148  9:06  Marine  
  148  9:07  Marine, Marauder, Armory  
  148  9:08  Liberator  
  148  9:09  Supply Depot  
  158  9:24  Marine  
  158  9:25  Marine x3, Marauder x2  
  158  9:28  Marine  
  170  9:32  Supply Depot  
  170  9:34  Supply Depot  
  170  9:39  Liberator  
  170  9:42  Marine  
  170  9:43  Marine x2  
  173  9:46  Liberator  
  173  9:48  Barracks  
  173  9:49  Barracks  
  173  9:50  Barracks  
  175  10:00  Liberator  
  175  10:05  Marauder  
  169  10:18  Marine x2, Marauder  
  172  10:22  Liberator  
  172  10:26  Marauder  
  174  10:29  Marine, Marauder  
  177  10:36  Marine  
  177  10:39  Marauder  
  183  10:48  Marauder  
  186  10:53  Marine  
  186  10:54  Marine x3, Marauder  
  161  10:58  SCV  
  161  11:01  Marauder  
  157  11:08  Marine  
  152  11:14  Barracks Tech Lab x2  
  152  11:15  Barracks Reactor  
Show
View Real Time Build Order
Export as new Build Order

IIIIIIIIIIII Protoss 

Build Orders: 1 Gate Expand 

Get SALT Encoding   

  12  0:01  Probe (Chrono Boost)  
  13  0:11  Probe (Chrono Boost)  
  14  0:17  Pylon  
  14  0:23  Probe (Chrono Boost)  
  16  0:35  Probe (Chrono Boost)  
  16  0:37  Gateway  
  16  0:41  Assimilator  
  16  0:46  Probe (Chrono Boost)  
  17  0:56  Probe (Chrono Boost)  
  18  1:07  Probe (Chrono Boost)  
  19  1:17  Probe (Chrono Boost)  
  20  1:24  Nexus  
  20  1:32  Cybernetics Core  
  20  1:35  Probe (Chrono Boost)  
  21  1:45  Probe (Chrono Boost)  
  22  1:49  Assimilator  
  22  1:50  Pylon  
  22  1:56  Probe (Chrono Boost)  
  23  2:08  Adept (Chrono Boost), Probe  
  23  2:11  Warp Gate  
  26  2:21  Mothership Core (Chrono Boost)  
  28  2:30  Pylon  
  28  2:34  Stalker (Chrono Boost)  
  30  2:38  Probe (Chrono Boost)  
  30  2:41  Probe (Chrono Boost)  
  32  2:48  Probe (Chrono Boost)  
  33  2:52  Probe (Chrono Boost)  
  33  2:53  Robotics Facility  
  34  2:59  Probe (Chrono Boost)  
  34  3:03  Forge  
  35  3:06  Probe (Chrono Boost)  
  36  3:21  Probe (Chrono Boost)  
  36  3:23  Stalker  
  36  3:26  Protoss Ground Weapons Level 1 (Chrono Boost)  
  37  3:27  Probe (Chrono Boost)  
  37  3:30  Probe (Chrono Boost)  
  39  3:38  Probe  
  39  3:40  Probe  
  39  3:41  Observer  
  41  3:48  Gateway x2  
  42  3:50  Probe  
  42  3:51  Probe  
  42  3:54  Sentry  
  46  4:00  Pylon  
  46  4:02  Probe x2  
  47  4:08  Warp Prism (Chrono Boost)  
  50  4:14  Probe x2  
  50  4:16  Twilight Council  
  52  4:26  Probe x2  
  54  4:31  Assimilator  
  54  4:36  Adept  
  54  4:37  Pylon, Assimilator  
  54  4:38  Probe  
  57  4:50  Adept x2  
  61  4:54  Nexus, Pylon  
  61  4:57  Pylon  
  61  5:01  Adept  
  61  5:03  Probe  
  64  5:09  Blink, Probe  
  64  5:13  Observer (Chrono Boost), Protoss Ground Weapons Level 2  
  66  5:17  Probe  
  67  5:25  Probe  
  67  5:26  Forge  
  68  5:34  Probe  
  69  5:40  Adept x3  
  67  5:54  Probe  
  67  5:56  Immortal (Chrono Boost)  
  64  6:02  Stalker x3  
  64  6:03  Probe  
  71  6:06  Probe  
  71  6:08  Probe  
  73  6:15  Probe  
  73  6:18  Probe  
  75  6:19  Probe  
  75  6:20  Pylon  
  76  6:28  Gateway, Probe  
  76  6:29  Gateway  
  76  6:30  Sentry x3, Probe  
  84  6:34  Gateway, Probe  
  84  6:36  Pylon  
  85  6:40  Probe  
  86  6:54  Immortal (Chrono Boost), Probe  
  89  6:58  Probe  
  89  7:00  Stalker x3  
  95  7:03  Probe  
  95  7:06  Probe  
  97  7:09  Protoss Ground Armor Level 1  
  97  7:10  Probe  
  97  7:12  Assimilator  
  98  7:15  Photon Cannon  
  98  7:16  Photon Cannon  
  98  7:17  Pylon, Assimilator  
  98  7:19  Probe  
  98  7:21  Photon Cannon, Probe  
  100  7:25  Protoss Ground Weapons Level 3  
  100  7:28  Observer (Chrono Boost)  
  100  7:29  Probe  
  102  7:32  Adept x6  
  114  7:46  Pylon, Probe  
  114  7:56  Probe  
  106  8:06  Probe  
  106  8:07  Stalker x5  
  117  8:13  Probe x2  
  117  8:17  Immortal (Chrono Boost)  
  123  8:22  Probe  
  123  8:26  Probe  
  125  8:27  Pylon  
  125  8:32  Probe  
  126  8:40  Nexus  
  126  8:42  Templar Archives, Pylon  
  126  8:45  Charge, Probe  
  126  8:46  Probe  
  128  8:58  Pylon  
  128  9:01  Stalker  
  128  9:02  Stalker x4  
  138  9:05  Pylon  
  142  9:10  Immortal (Chrono Boost)  
  142  9:11  Pylon  
  142  9:18  Pylon  
  142  9:22  Stalker  
  142  9:23  Pylon  
  143  9:25  Pylon  
  143  9:27  Pylon  
  143  9:30  Photon Cannon  
  143  9:34  Zealot x5  
  153  9:44  Observer (Chrono Boost)  
  154  9:52  Stalker  
  156  9:54  Stalker x5  
  150  10:21  Adept x6  
  157  10:30  Stargate  
  157  10:41  Stalker  
  157  10:42  Stalker x5  
Tags
 
Add a new tag
Caveats
  • Supply blocks, unpowered buildings, or Contaminate may cause inaccurate times.
  • Supply counts are checked every 10 seconds.